 Dungeon Crawl Stone Soup version 0.19-a0-1268-g6c5d9f8 (webtiles) character file.

4156 JustSomeDude the Shield-Bearer (level 10, -2/77 HPs)
             Began as a Demonspawn Fighter on Aug 29, 2016.
             Was a Follower of Ashenzari.
             Killed from afar by a deep elf mage (50 damage)
             ... with a shard of ice
             ... on level 8 of the Dungeon.
             The game lasted 00:22:26 (7610 turns).

JustSomeDude the Shield-Bearer (Demonspawn Fighter) Turns: 7610, Time: 00:22:28

Health: -2/77      AC: 16    Str: 20    XL:     10   Next: 7%
Magic:  10/10      EV: 12    Int: 14    God:    Ashenzari [*.....]
Gold:   400        SH: 10    Dex:  9    Spells: 0 memorised, 9 levels left

rFire  . . .     SeeInvis +     a - +0 trident
rCold  . . .     Gourm    .     w - +0 ring mail "Uxotimuc" {rPois Regen+ Dex-3 SInv} (curse)
rNeg   . . .     Faith    .     c - +0 shield
rPois  +         Spirit   .     B - +2 helmet
rElec  .         Dismiss  .     I - +2 cloak
rCorr  .         Reflect  .     x - +0 pair of gloves
MR     .....     Harm     +     (no boots)
Stlth  ..........               i - amulet of harm (curse)
                                z - +4 ring of intelligence
                                H - +2 ring of protection

@: no status effects
A: hooves 2, see invisible, powered by death 2, powered by pain 1, no device
heal 1
a: Curse Item, Scrying, Renounce Religion


You were on level 8 of the Dungeon.
You worshipped Ashenzari.
Ashenzari was aware of your devotion.
You were not hungry.

You visited 2 branches of the dungeon, and saw 9 of its levels.
You also visited: Sewer.

You collected 430 gold pieces.
You spent 30 gold pieces at shops.

Inventory:

Hand Weapons
 a - a +0 trident (weapon)
Armour
 c - a +0 shield (worn)
 w - the cursed +0 ring mail "Uxotimuc" (worn) {rPois Regen+ Dex-3 SInv}
   (You took it off a kobold on level 8 of the Dungeon)

   It affects your dexterity (-3).
   It protects you from poison.
   It lets you see invisible.
   It increases your rate of regeneration.
   It has a curse placed upon it.
 x - a +0 pair of gloves (worn)
 B - a +2 helmet (worn)
 I - a +2 cloak (worn)
Jewellery
 i - a cursed amulet of harm (around neck)
 q - an uncursed amulet of the gourmand
 z - a +4 ring of intelligence (right hand)
 H - a +2 ring of protection (left hand)
Wands
 d - a wand of random effects (29/48)
 u - a wand of flame (20/48)
 y - a wand of slowing (34/48)
Scrolls
 b - a scroll of immolation {unknown}
 e - 3 scrolls of recharging {unknown}
 h - 3 scrolls of enchant weapon {unknown}
 j - 3 scrolls of blinking {unknown}
 k - 9 scrolls of identify {unknown}
 l - 6 scrolls of teleportation {unknown}
 r - 3 scrolls of remove curse
 v - 4 scrolls of magic mapping {unknown}
 C - a scroll of enchant armour {unknown}
 D - a scroll of random uselessness {unknown}
 E - a scroll of noise {unknown}
Potions
 g - 3 potions of magic
 s - 2 potions of heal wounds
 t - a potion of flight {unknown}
 F - a potion of berserk rage
 G - a potion of curing
Comestibles
 f - 7 bread rations
 m - 3 meat rations
 n - 2 slices of pizza
 o - 8 royal jellies
 p - 3 beef jerkies
 A - 2 fruits
 J - 9 chunks of flesh


   Skills:
 + Level 6.6 Fighting
 + Level 5.9 Polearms
 + Level 6.2 Armour
 + Level 6.0 Dodging
 + Level 1.0 Stealth
 + Level 7.4 Shields


You had 9 spell levels left.
You didn't know any spells.

Dungeon Overview and Level Annotations

Branches:
Dungeon (8/15)             Temple (1/1) D:5
   Lair: D:8-11

Altars:
Ashenzari
Cheibriados
Dithmenos
Elyvilon
Fedhas
Gozag
Hepliaklqana
Kikubaaqudgha
Makhleb
Nemelex Xobeh
Okawaru
Qazlal
Ru
Sif Muna
Trog
Uskayaw
Vehumet
Xom
The Shining One
Lugonu

Shops:
D:5 !!**[   D:7 %   D:8 [

Annotations:
D:8 4 runed doors


Innate Abilities, Weirdness & Mutations

You have hoof-like feet.
You regenerate health from kills.
You sometimes gain a little power by taking damage.
You have supernaturally acute eyesight. (SInv)
Potions and wands are less effective at restoring your health.


Message History

The deep elf mage is severely wounded.
You block the deep elf mage's attack.
You barely miss the deep elf mage.
The deep elf mage is severely wounded.
The deep elf mage hits you but does no damage.
You barely miss the deep elf mage.
The deep elf mage is severely wounded.
The deep elf mage gestures at you while chanting.
The bolt of cold hits you!
Your shield prevents you from hitting the deep elf mage.
Your kick misses the deep elf mage.
The deep elf mage is severely wounded.
The deep elf mage casts a spell.
You hit the deep elf mage.
You kick the deep elf mage, but do no damage.
The deep elf mage is almost dead.
The deep elf mage points at you and mumbles some strange words.
The shard of ice hits you!
Ouch! That really hurt!
You die...

..# #.......# #..>......# ..#
#.#..##.## ##.##..#####
#######.##.....# #......# #
##.##.#..###'# #'###..#####
###.#.#.#.##.÷.######)#)##.##..
##.#......#.#.##Y##)##.#.#.##.#
###...#.#.#.##.#Y##..###.#†##.###
# ##.##.#.#.#(##e####..#)#......#
# #.##...#.###Y@##.##.#.#..#.#.#
####..###.##....####....##......†
##..#'###..######..######..#....#
##..'_'.#.................#...###
...##+#..........#####.###.#..#.#
##.##..#######...######.#....###.
#.....## #..........<##..##.#
###.(#..### #...##########..#.#.
..........# ##### #..##.#


You could see a deep elf mage and 3 ice beasts.

Vanquished Creatures
  A queen bee (D:8)
  A two-headed ogre (D:8)
  Eustachio (D:4)
  2 hippogriffs
  The ghost of Ijustatesigmund the Sneak, an amateur OpAs (D:3)
  Menkaure (D:4)
  Duvessa (D:4)
  2 orc warriors
  2 sky beasts (D:8)
  An ice beast (D:5)
  A black bear (D:8)
  An ogre (D:8)
  A centaur (D:8)
  4 big kobolds
  2 giant frogs (D:7)
  Dowan (D:4)
  15 killer bees (D:8)
  A vampire bat (D:8)
  A howler monkey (D:8)
  5 crimson imps
  A quasit (D:8)
  A jelly (D:5)
  2 orc priests (D:3)
  5 hounds
  6 orc wizards
  2 iguanas
  3 worker ants
  A hound skeleton (D:4)
  A howler monkey zombie (D:6)
  6 gnolls
  A howler monkey skeleton (D:5)
  11 adders
  2 shadow imps
  3 oozes
  An adder zombie (D:6)
  3 adder skeletons
  3 worms
  A dart slug (D:2)
  4 giant geckos
  27 orcs
  A ball python (Sewer)
  7 bats
  3 bat skeletons (D:8)
  3 bat zombies (D:8)
  4 giant cockroaches
  6 goblins
  7 hobgoblins
  14 jackals
  32 kobolds
  9 quokkas
  7 giant newts
  2 goblin skeletons (D:8)
  2 goblin zombies (D:8)
  A hobgoblin zombie (D:8)
  A jackal skeleton (D:8)
  A kobold skeleton (D:8)
  3 kobold zombies (D:8)
  3 rats
  A demonic plant (Temple)
  A plant (Sewer)
237 creatures vanquished.

Notes
Turn   | Place    | Note
-------+----------+-------------------------------------------
     0 | D:1      | JustSomeDude the Demonspawn Fighter began the quest for the Orb.
     0 | D:1      | Reached XP level 1. HP: 18/18 MP: 1/1
   391 | D:1      | Gained mutation: You have large cloven feet. [demonic ancestry]
   391 | D:1      | Reached XP level 2. HP: 24/24 MP: 2/2
   787 | D:2      | Reached XP level 3. HP: 12/29 MP: 3/3
   790 | D:2      | Reached skill level 1 in Dodging
  1146 | D:2      | Gained mutation: You regenerate a little health from kills. [demonic ancestry]
  1146 | D:2      | Reached XP level 4. HP: 34/37 MP: 4/4
  1147 | D:2      | Reached skill level 3 in Shields
  1165 | D:2      | Found a snail-covered altar of Cheibriados.
  1803 | D:3      | Found a glowing drain.
  1817 | D:3      | Reached XP level 5. HP: 41/42 MP: 5/5
  1873 | Sewer    | Entered a sewer
  2654 | D:3      | Noticed Ijustatesigmund's ghost (amateur OpAs)
  2677 | D:3      | Reached XP level 6. HP: 29/48 MP: 6/6
  2714 | D:3      | Killed Ijustatesigmund's ghost
  3336 | D:4      | Noticed Duvessa
  3336 | D:4      | Noticed Dowan
  3337 | D:4      | Noticed Menkaure
  3350 | D:4      | Killed Duvessa
  3350 | D:4      | Reached skill level 4 in Shields
  3355 | D:4      | Killed Menkaure
  3355 | D:4      | Reached XP level 7. HP: 17/55 MP: 7/7
  3358 | D:4      | Killed Dowan
  3570 | D:4      | Noticed Eustachio
  3603 | D:4      | Killed Eustachio
  3913 | D:5      | Entered Level 5 of the Dungeon
  3987 | D:5      | Found Tiocor's Antique Armour Shop.
  4026 | D:5      | Found a sparkling altar of Nemelex Xobeh.
  4047 | D:5      | Reached skill level 5 in Fighting
  4047 | D:5      | Gained mutation: You have hoof-like feet. [demonic ancestry]
  4047 | D:5      | Reached XP level 8. HP: 62/62 MP: 8/8
  4055 | D:5      | Found a staircase to the Ecumenical Temple.
  4096 | Temple   | Entered the Ecumenical Temple
  4237 | D:5      | Found Zeosmeziv's General Store.
  4349 | D:5      | Found a shimmering altar of Xom.
  4375 | D:5      | Found Qocw's Assorted Antiques.
  4483 | D:5      | Found Ekaur's Distillery.
  4494 | D:5      | Bought a potion of mutation for 30 gold pieces
  4498 | D:5      | Found Vitreatu's Distillery.
  4540 | D:6      | Found a shattered altar of Ashenzari.
  4695 | D:6      | Became a worshipper of Ashenzari the Shackled
  4825 | D:6      | Reached skill level 5 in Shields
  5075 | D:6      | Reached skill level 5 in Armour
  5396 | D:7      | Found a blossoming altar of Fedhas.
  5529 | D:7      | Found Ahofevuwk's Food Shoppe.
  6215 | D:7      | Reached skill level 5 in Polearms
  6428 | D:8      | Found a stormy altar of Qazlal.
  6442 | D:8      | Gained mutation: You sometimes gain a little power by taking damage. [demonic ancestry]
  6442 | D:8      | Reached XP level 9. HP: 67/69 MP: 9/9
  6458 | D:8      | Found a large runed door.
  6458 | D:8      | Found a large runed door.
  6529 | D:8      | Reached skill level 6 in Shields
  6577 | D:8      | Noticed a queen bee
  6602 | D:8      | Gained mutation: Potions and wands are less effective at restoring your health. [potion of mutation]
  6602 | D:8      | Gained mutation: You are weak. (Str -2) [potion of mutation]
  6602 | D:8      | Gained mutation: You have supernaturally acute eyesight. (SInv) [potion of mutation]
  6619 | D:8      | Killed a queen bee
  6629 | D:8      | Reached skill level 5 in Dodging
  6731 | D:8      | Found a hide-covered altar of Uskayaw.
  6831 | D:8      | Lost mutation: You are weak. (Str -2) [mutagenic meat]
  6841 | D:8      | Found a radiant altar of Vehumet.
  6866 | D:8      | Found a glowing golden altar of the Shining One.
  6925 | D:8      | Got the cursed ring mail "Uxotimuc" {rPois Regen+ Dex-3 SInv}
  6939 | D:8      | Identified the cursed +0 ring mail "Uxotimuc" {rPois Regen+ Dex-3 SInv} (You took it off a kobold on level 8 of the Dungeon)
  7010 | D:8      | Found Desacui's Antique Armour Boutique.
  7103 | D:8      | Found an ancient bone altar of Kikubaaqudgha.
  7251 | D:8      | Reached * piety under Ashenzari
  7272 | D:8      | Found a hazy altar of Hepliaklqana.
  7303 | D:8      | Found a large runed door.
  7303 | D:8      | Found a large runed door.
  7330 | D:8      | Found an opulent altar of Gozag.
  7443 | D:8      | Reached skill level 7 in Shields
  7472 | D:8      | Gained mutation: You regenerate health from kills. [demonic ancestry]
  7472 | D:8      | Reached XP level 10. HP: 77/77 MP: 10/10
  7495 | D:8      | Reached skill level 1 in Stealth
  7590 | D:8      | Noticed a deep elf mage
  7610 | D:8      | Killed from afar by a deep elf mage

Vault maps used:
D:1:      minmay_arrival_cross, minmay_misc_feat_four_crosses,
          wad_floor_pattern_untrapped
D:2:      kennysheep_slug_shrine
D:3:      gup_sewer_entry_glass
D:4:      uniq_duvessa, uniq_eustachio, uniq_menkaure
D:5:      nicolae_overflow_crystal_walls, old_standard_altar, first_bread,
          serial_shops, shop, nicolae_shop_behind_doors, kennysheep_mini_moat,
          nicolae_shop_crystal, kennysheep_little_box
D:6:      nicolae_ashenzari_panopticon
D:7:      lemuel_coloured_pillars_altar, serial_shops, shop
D:8:      eat_drink_and_be_merry_uskayaw, grunt_gozag_breadcrumbs,
          overflow_temple_1_default, kennysheep_mini, kennysheep_vampire_church,
          nicolae_tso_besieged_by_evil, vehumet_altar_wand_db, serial_shops,
          nicolae_shop_stone, david_nohive_1, minmay_hollow_rounded_squares
Temple:   corrupted_temple
Sewer:    sewer_co_scattered_pipes

Skill      XL: |  1  2  3  4  5  6  7  8  9 10 |
---------------+-------------------------------+-----
Polearms       | 2 3 4 5 |  5.9
Dodging        | 1 2 3 4 5 6 |  6.0
Armour         | 3 4 5 6 |  6.2
Shields        | 3 4 5 7 |  7.4
Fighting       | 4 5 6 |  6.6
Stealth        | 1 |  1.0

Action                   |  1- 3 |  4- 6 |  7- 9 | 10-12 || total
-------------------------+-------+-------+-------+-------++-------
Melee: Trident           |    91 |   394 |   731 |    57 ||  1273
       Kick              |     7 |    96 |   183 |    14 ||   300
Invok: Curse Item        |       |       |     1 |       ||     1
  Use: Potion            |     1 |     5 |    15 |       ||    21
  Eat: Chunk             |       |     9 |    18 |     1 ||    28
Armor: Scale mail        |    40 |   112 |   248 |       ||   400
       Ring mail         |       |       |    33 |    29 ||    62
Dodge: Dodged            |    30 |    97 |   291 |    23 ||   441
Block: Shield            |    33 |   159 |   365 |    24 ||   581
